[Event "*** SCC Grand Prix: Titled Tuesday Blitz"]
[Site "Chess.com"]
[Date "2020.07.14"]
[Round "5"]
[White "shav3184"]
[Black "ural58"]
[Result "0-1"]
[WhiteElo "2283"]
[BlackElo "2487"]
[TimeControl "180+1"]
[EndTime "10:56:10 PDT"]
[Termination "ural58 won by resignation"]

1. e4 d5 2. exd5 Qxd5 3. Nf3 Bg4 4. Be2 Nc6 5. h3 Bxf3 6. Bxf3 Qe6+ 7. Qe2 Qxe2+ 8.
Bxe2 O-O-O 9. O-O g6 10. c3 Bg7 11. d4 e5 12. dxe5 Nxe5 13. Be3 a6 14. Nd2 Nf6 15.
Nf3 Nd5 16. Bg5 Rd6 17. c4 h6 18. cxd5 hxg5 19. Nxg5 Rxd5 20. f4 Rd2 21. Rf2 Nd7 22. Rd1 Rxd1+ 23. Bxd1 Bd4 24. Nxf7 Rf8 25. Bb3 Nc5 26. Bc4 b5 27. Bd5 c6 28. Nd6+ Kd7 29.
Ne4 cxd5 0-1

[Event "*** SCC Grand Prix: Titled Tuesday Blitz"]
[Site "Chess.com"]
[Date "2020.07.14"]
[Round "5"]
[White "Kotofeyca"]
[Black "Ariadna_Atreides"]
[Result "1-0"]
[WhiteElo "2312"]
[BlackElo "2084"]
[TimeControl "180+1"]
[EndTime "10:56:10 PDT"]
[Termination "Kotofeyca won by resignation"]

1. d4 e6 2. c4 Bb4+ 3. Bd2 Bxd2+ 4. Qxd2 Nf6 5. Nc3 d5 6. e3 O-O 7. Nf3 a6 8. cxd5 exd5 9. Bd3 Nbd7 10. O-O Re8 11. Qc2 c6 12. b4 Nf8 13. Ne5 Ng6 14. Nxg6 hxg6 15. Na4 Qe7 16. Nc5 Ne4 17. Rab1 Bf5 18.
a4 b6 19. Nxe4 dxe4 20. Be2 Rec8 21. Rfc1 Bd7 22. a5 b5 23. Qc5 Qxc5 24. Rxc5 Kf8 25.
Rbc1 Ke7 26. Re5+ Kd6 27. Rxe4 f6 28. Rh4 Rh8 29. Rxh8 Rxh8 30. Bf3 g5 31. h3 f5 32. Rc5 g6 33. Kf1 Be6 34. Rxc6+ Ke7 35. d5 Bc8 36. Rxg6 g4 37. hxg4 Rh1+ 38. Ke2 fxg4 39.
Bxg4 Bxg4+ 40. Rxg4 Rb1 41. Rd4 Kd6 42. Kf3 Rb2 43.
g4 Rb1 44. g5 Rg1 45. Rg4 1-0

[Event "*** SCC Grand Prix: Titled Tuesday Blitz"]
[Site "Chess.com"]
[Date "2020.07.14"]
[Round "5"]
[White "CarlosAlbornoz"]
[Black "viktorskliarov"]
[Result "0-1"]
[WhiteElo "2794"]
[BlackElo "2587"]
[TimeControl "180+1"]
[EndTime "10:56:11 PDT"]
[Termination "viktorskliarov won by checkmate"]

1. e4 c5 2. Nf3 Nc6 3. d4 cxd4 4. Nxd4 Nf6 5. Nc3 e5 6. Ndb5 d6 7. Bg5 a6 8. Na3 b5 9. Bxf6 gxf6 10. Nd5 f5 11. c3 Bg7 12. exf5 Bxf5 13. Nc2 O-O 14. Nce3 Be6 15. Bd3 f5 16. O-O Rc8 17. a4 e4 18.
Nf4 Bf7 19. axb5 axb5 20. Bxb5 Be5 21. Nfd5 f4 22. Qg4+ Kh8 23. Nxf4 Bxf4 24. Bxc6 Bxe3 25. Bb7 Rb8 26. Bxe4 Bh6 27. Ra7 Qg5 28. Qh3 Rxb2 29. f4 Qf6 30. Kh1 Rg8 31. Qd3 Bxf4 32. Bd5 Qh6 33.
g3 Qxh2# 0-1

[Event "*** SCC Grand Prix: Titled Tuesday Blitz"]
[Site "Chess.com"]
[Date "2020.07.14"]
[Round "5"]
[White "kran900"]
[Black "Oneofmyturns"]
[Result "0-1"]
[WhiteElo "2467"]
[BlackElo "2707"]
[TimeControl "180+1"]
[EndTime "10:56:11 PDT"]
[Termination "Oneofmyturns won by resignation"]

1. e4 e5 2. Nf3 Nc6 3. Bc4 Bc5 4. d3 Nf6 5. c3 d6 6. h3 h6 7. b4 Bb6 8. a4 a5 9. b5 Ne7 10. Nbd2 c6 11. bxc6 bxc6 12. O-O O-O 13. Rb1 Ng6 14. d4 exd4 15. Nxd4 Bxd4 16. cxd4 d5 17. exd5 Nxd5 18. Rb3 Re8 19. Rg3 Ba6 20. Bxa6 Rxa6 21. Nc4 Ra7 22.
Ne5 Nxe5 23. dxe5 Rxe5 24. Bb2 Rg5 25. Qd4 Rb7 26. Bc3 Rxg3 27. fxg3 Qg5 28. g4 Nxc3 29.
Qxc3 Qd5 30. Rf5 Rb1+ 31. Kh2 Qd6+ 32. Qe5 Qd1 33. Qe8+ Kh7 34. Rxf7 Qd6+ 35. g3 Qd2+ 0-1

[Event "*** SCC Grand Prix: Titled Tuesday Blitz"]
[Site "Chess.com"]
[Date "2020.07.14"]
[Round "5"]
[White "llamalord42"]
[Black "Chigorinetz"]
[Result "0-1"]
[WhiteElo "2343"]
[BlackElo "2512"]
[TimeControl "180+1"]
[EndTime "10:56:11 PDT"]
[Termination "Chigorinetz won by resignation"]

1. e4 c5 2. Nf3 Nc6 3. Bb5 g5 4.
Bxc6 dxc6 5. Nxg5 Nf6 6. d3 Rg8 7. Qf3 h6 8. e5 hxg5 9. exf6 exf6 10. Nc3 Be6 11. Be3 f5 12. O-O-O f4 13. Bd2 Be7 14.
h4 gxh4 15. Bxf4 Bg4 16. Qe3 Bxd1 17. Rxd1 Rg6 18. d4 Re6 19. Ne4 Qd5 20. Nc3 Qf5 21. Qf3 O-O-O 22. d5 Bg5 23. Bxg5 Qxg5+ 24. Kb1 Rf6 25. Qh3+ Qf5 26. Qxh4 cxd5 27. Qa4 a6 28. Qa5 Rc6 29. Na4 d4 30. Nb6+ Kb8 31. Nc4 Qd5 32.
Ne3 Qd7 33. Nf5 b6 34. g4 bxa5 0-1

[Event "*** SCC Grand Prix: Titled Tuesday Blitz"]
[Site "Chess.com"]
[Date "2020.07.14"]
[Round "5"]
[White "jsl796"]
[Black "GothamChess"]
[Result "1-0"]
[WhiteElo "2852"]
[BlackElo "2598"]
[TimeControl "180+1"]
[EndTime "10:56:12 PDT"]
[Termination "jsl796 won on time"]

1. d4 e6 2. c4 b6 3. e4 Bb7 4. Bd3 Bb4+ 5. Kf1 Be7 6. Nc3 d6 7.
Nf3 Nf6 8. g3 O-O 9. Kg2 c5 10. d5 e5 11. Rf1 Ne8 12. Be3 g6 13. Nd2 Ng7 14. f4 exf4 15. gxf4 Nd7 16. Nf3 Qb8 17. Qe2 f5 18. e5 dxe5 19. fxe5 Nh5 20. Bh6 Re8 21. e6 Bf8 22. Qd2 Ndf6 23. Bxf8 Rxf8 24.
Kh1 Qf4 25. Rae1 Rfe8 26. Qxf4 Nxf4 27. Bc2 Rad8 28. Ne5 Nxe6 29. Ba4 Re7 30. Nc6 Bxc6 31. Bxc6 Rd6 32. Nb5 Rxc6 33. dxc6 Ne4 34. Rd1 Kf8 35. Rd5 a6 36. Nd6 Nf6 37. Nxf5 1-0

[Event "*** SCC Grand Prix: Titled Tuesday Blitz"]
[Site "Chess.com"]
[Date "2020.07.14"]
[Round "5"]
[White "Morshynska"]
[Black "MustafayevFarid2004"]
[Result "0-1"]
[WhiteElo "2181"]
[BlackElo "2355"]
[TimeControl "180+1"]
[EndTime "10:56:14 PDT"]
[Termination "MustafayevFarid2004 won on time"]

1. e4 c6 2. Nc3 d5 3. Nf3 dxe4 4. Nxe4 Nf6 5. Ng3 g6 6. d4 Bg7 7. c3 O-O 8. Bc4 b6 9. O-O Bb7 10. Re1 Nbd7 11. Ne5 e6 12. Qe2 h5 13. Ba6 Bxa6 14.
Qxa6 Nxe5 15. dxe5 Nd7 16. f4 Qc7 17. Ne4 c5 18. a4 Rfd8 19. a5 Qc6 20. b4 f6 21.
exf6 Nxf6 22. Nxc5 Nd5 23. Rxe6 Qc7 24. axb6 axb6 25.
Qxa8 Rxa8 26. Rxa8+ Kh7 27. Ne4 Nxc3 28. Ng5+ Kh6 29.
Ree8 Ne2+ 30. Rxe2 Qxc1+ 31. Kf2 Bd4+ 32. Kg3 h4+ 33. Kg4 Qd1 34. Kf3 Qd3+ 0-1

[Event "*** SCC Grand Prix: Titled Tuesday Blitz"]
[Site "Chess.com"]
[Date "2020.07.14"]
[Round "5"]
[White "grandcoach"]
[Black "brunoo2003"]
[Result "0-1"]
[WhiteElo "2108"]
[BlackElo "2223"]
[TimeControl "180+1"]
[EndTime "10:56:14 PDT"]
[Termination "brunoo2003 won on time"]

1. e4 c5 2. b4 cxb4 3. a3 e5 4. Nf3 Nc6 5. Bc4 Be7 6. Bb2 d6 7. d4 bxa3 8. Nxa3 exd4 9. Nxd4 Nf6 10. O-O O-O 11. Nab5 a6 12. Nxc6 bxc6 13. Nd4 Bd7 14. Re1 d5 15. exd5 cxd5 16. Bd3 Bd6 17. Nf5 Bxf5 18.
Bxf5 Bc5 19. Bxf6 Qxf6 20. Qxd5 Bxf2+ 21. Kxf2 g6 22. Ra5 Qxf5+ 23. Qxf5 gxf5 24. Rxf5 Rac8 25. Re2 Rc6 26. Rg5+ Kh8 27. Ke1 Rfc8 28. Kd1 Rd8+ 29. Rd2 Rxd2+ 30. Kxd2 h6 31. Rd5 Kg7 32. Kd3 Kf6 33.
c4 Ke6 34. Rh5 Ke7 35. Kd4 Rg6 36. g3 Kd6 37. Ra5 Kc7 38. Ra2 Kb6 39. Rb2+ Kc7 40.
Rf2 f6 41. Kc5 Rg5+ 42. Kb4 a5+ 43. Kb3 f5 44. Re2 Rh5 45. Re6 Rxh2 0-1

[Event "*** SCC Grand Prix: Titled Tuesday Blitz"]
[Site "Chess.com"]
[Date "2020.07.14"]
[Round "5"]
[White "MIJUAREZ"]
[Black "Chessalary"]
[Result "1-0"]
[WhiteElo "2387"]
[BlackElo "2201"]
[TimeControl "180+1"]
[EndTime "10:56:15 PDT"]
[Termination "MIJUAREZ won by resignation"]

1. e4 c5 2. Nf3 d6 3. d4 cxd4 4. Nxd4 Nf6 5. f3 a6 6. c4 e5 7. Nb3 Be6 8. Nc3 Be7 9. Be3 O-O 10. Be2 Nbd7 11. Qd2 Nc5 12. Nxc5 dxc5 13. Nd5 Bxd5 14. cxd5 Bd6 15. O-O b5 16. Rac1 Rc8 17. b3 h6 18.
a4 Qd7 19. axb5 axb5 20. Qd3 b4 21. Qd2 Nh5 22. g3 Qh3 23. Qe1 f5 24. exf5 Qxf5 25.
Qd1 Nf6 26. Bd3 Qh3 27. Be4 Nxe4 28. fxe4 Qd7 29. Rxf8+ Rxf8 30. Kg2 Qb5 31. Rc4 Ra8 32. Qe2 Ra3 33. Qc2 Qa5 34. Kh3 Ra2 35. Qd3 Rb2 36.
Bxc5 Bxc5 37. d6 Bd4 38. Rc8+ Kh7 39. d7 Bb6 40. Qc4 Bd8 41. Qe6 Qa2 42. Qf5+ 1-0

[Event "*** SCC Grand Prix: Titled Tuesday Blitz"]
[Site "Chess.com"]
[Date "2020.07.14"]
[Round "5"]
[White "Khazieva_Elza"]
[Black "DonBroca"]
[Result "1-0"]
[WhiteElo "2333"]
[BlackElo "2128"]
[TimeControl "180+1"]
[EndTime "10:56:15 PDT"]
[Termination "Khazieva_Elza won on time"]

1. e4 c5 2. Nf3 d6 3. d3 Nf6 4. g3 g6 5. Bg2 Bg7 6. O-O e5 7. Nc3 Nc6 8. Nd2 O-O 9. Nc4 Ne8 10. a4 f5 11. f4 Nd4 12. Nd5 Nc7 13. c3 Nxd5 14. exd5 b5 15. Na3 exf4 16. gxf4 b4 17. Nc4 bxc3 18. bxc3 Re8 19. Ra2 Rb8 20. cxd4 Bxd4+ 21. Kh1 Rb1 22. Qc2 Rb4 23. Bb2 Qf6 24. Bxd4 Qxd4 25. Nxd6 Rd8 26. Nb5 Qg7 27. Qxc5 Rb3 28.
Qc4 Rb2 29. Rxb2 Qxb2 30. d6+ Kf8 31. Nxa7 Bb7 32. Nc6 Rc8 33. d7 Bxc6 34. dxc8=Q+ 1-0

[Event "*** SCC Grand Prix: Titled Tuesday Blitz"]
[Site "Chess.com"]
[Date "2020.07.14"]
[Round "5"]
[White "binbin239"]
[Black "davigator"]
[Result "1-0"]
[WhiteElo "2533"]
[BlackElo "2358"]
[TimeControl "180+1"]
[EndTime "10:56:16 PDT"]
[Termination "binbin239 won on time"]

1. d4 Nf6 2. c4 e6 3. Nf3 Bb4+ 4. Bd2 a5 5. g3 b6 6. Bg2 Ba6 7. Qc2 c6 8. O-O O-O 9. Bg5 Be7 10. b3 d5 11. Rd1 Nbd7 12. Nbd2 Rc8 13. e4 h6 14.
Bf4 g5 15. Be3 Ng4 16. exd5 cxd5 17. Rac1 Ba3 18. Rb1 Ndf6 19. h3 Nxe3 20. fxe3 Bd6 21. Ne5 Nh5 22. Nf1 Qc7 23. Ng4 Kg7 24. Qf2 f5 25.
Ne5 Bxe5 26. dxe5 dxc4 27. bxc4 Rfd8 28. g4 Bxc4 29. gxh5 Qxe5 30. Rxd8 Rxd8 31. Rxb6 Rd1 32. Rb7+ Kf6 33. Rh7 Qa1 34. Rxh6+ Ke7 35. Rg6 Bd3 36. Rxg5 Qh8 37. Qh4 Kd6 38. Qf4+ Qe5 39. Qxe5+ Kxe5 40. h6 Kf6 41. h7 Bxf1 42. Bxf1 1-0

[Event "*** SCC Grand Prix: Titled Tuesday Blitz"]
[Site "Chess.com"]
[Date "2020.07.14"]
[Round "5"]
[White "korkmaz16"]
[Black "Vladislav_Chizhikov"]
[Result "1-0"]
[WhiteElo "2329"]
[BlackElo "2431"]
[TimeControl "180+1"]
[EndTime "10:56:18 PDT"]
[Termination "korkmaz16 won by checkmate"]

1. d4 d5 2. Nf3 c6 3. c4 e6 4. Nc3 f5 5. Bf4 Nf6 6. e3 Be7 7. Ne5 O-O 8. Bd3 Nbd7 9. O-O Nxe5 10. Bxe5 Bd7 11. f3 Qa5 12. Qe2 a6 13. a3 b5 14. b4 Qd8 15. c5 Be8 16. e4 Nd7 17.
exd5 exd5 18. Bd6 Bxd6 19. Qe6+ Kh8 20. Qxd6 Rf6 21. Qf4 Bg6 22. Rae1 Nf8 23. Re5 a5 24. Rfe1 axb4 25. axb4 Ra3 26. Qd2 Rb3 27. Ne2 f4 28. Nxf4 Bxd3 29. Nxd3 Qa8 30. Re8 Qa3 31. Ne5 Rb2 32.
Qg5 h6 33. Ng6+ Kh7 34. Nxf8+ Rxf8 35. Qe7 Rxe8 36. Qxe8 Qxb4 37. Qe5 Kg8 38. Qe6+ Kh8 39. Qe8+ Kh7 40. Qe5 Kg8 41. Qe6+ Kh8 42. Qc8+ Kh7 43. Qf5+ g6 44. Re7+ Kh8 45. Qf8# 1-0

[Event "*** SCC Grand Prix: Titled Tuesday Blitz"]
[Site "Chess.com"]
[Date "2020.07.14"]
[Round "5"]
[White "GM_Levan_Pantsulaia"]
[Black "MomchilPetkov"]
[Result "1-0"]
[WhiteElo "2824"]
[BlackElo "2578"]
[TimeControl "180+1"]
[EndTime "10:56:19 PDT"]
[Termination "GM_Levan_Pantsulaia won on time"]

1. Nf3 Nf6 2. g3 d5 3. Bg2 c6 4. c4 Bf5 5. cxd5 cxd5 6. Qb3 Nc6 7. Qxb7 Bd7 8. Qb3 Rb8 9. Qd1 e5 10. O-O e4 11. Ne1 h5 12. d3 h4 13. Nc3 hxg3 14. hxg3 Qa5 15. Bd2 e3 16. fxe3 Qc7 17. Rxf6 gxf6 18.
Nxd5 Qxg3 19. Nxf6+ Kd8 20. Nxd7 Bd6 21. Kf1 Kxd7 22.
Qa4 Rb6 23. Rc1 Rc8 24. d4 Qh4 25. Nf3 Qg4 26. e4 Rg8 27. Ne1 Bg3 28. Rxc6 Rxc6 29.
d5 Bxe1 30. Qxc6+ Ke7 31. Kxe1 Qg3+ 32. Kd1 1-0

[Event "*** SCC Grand Prix: Titled Tuesday Blitz"]
[Site "Chess.com"]
[Date "2020.07.14"]
[Round "5"]
[White "MasterKroket"]
[Black "IAgrest"]
[Result "1-0"]
[WhiteElo "2400"]
[BlackElo "2211"]
[TimeControl "180+1"]
[EndTime "10:56:19 PDT"]
[Termination "MasterKroket won on time"]

1. d4 Nf6 2. c4 g6 3. Nc3 Bg7 4. e4 d6 5. Nf3 O-O 6. Be2 Nbd7 7.
O-O e5 8. d5 Nc5 9. Nd2 a5 10.
Rb1 Bd7 11. b3 Ne8 12. a3 f5 13. b4 axb4 14. axb4 Na4 15. Qc2 Nf6 16. Bd3 Nh5 17.
Nb3 Nf4 18. Bxf4 exf4 19. Nxa4 Bxa4 20. exf5 f3 21. fxg6 fxg2 22. Rfe1 Qh4 23. Re4 Qh6 24.
Rg4 Be5 25. Rxg2 Qh4 26. Bf5 Kh8 27. Be6 Rf4 28. Qd3 Bxb3 29. Qxb3 Rxc4 30. gxh7 Kxh7 31. Qd3+ Kh8 32. Re1 Rxb4 33. Qg6 Rb2 34. h3 Rd2 35. Kh1 1-0

[Event "*** SCC Grand Prix: Titled Tuesday Blitz"]
[Site "Chess.com"]
[Date "2020.07.14"]
[Round "5"]
[White "Nara_Kh"]
[Black "SzMM19"]
[Result "0-1"]
[WhiteElo "2259"]
[BlackElo "2557"]
[TimeControl "180+1"]
[EndTime "10:56:20 PDT"]
[Termination "SzMM19 won by resignation"]

1. e4 c5 2. Be2 Nc6 3. f4 e6 4. Nf3 d5 5. d3 dxe4 6. dxe4 Qxd1+ 7. Bxd1 b6 8. O-O Bb7 9. Re1 Nf6 10. a3 Be7 11. e5 Nd5 12. c4 Nc7 13. Nc3 O-O 14. Be3 Rad8 15. Ba4 Nd4 16. Nd2 Nf5 17. Nde4 Nxe3 18.
Rxe3 Rd4 19. Rd1 Rfd8 20. Ree1 a6 21. Bc2 b5 22. cxb5 axb5 23. Nf2 Rxf4 24. Rxd8+ Bxd8 25. Rd1 Bd5 26. Rd2 b4 27. Nxd5 Nxd5 28. axb4 cxb4 29. g3 Rc4 30. Bb3 Rc1+ 31. Kg2 Bg5 32. Rc2 Ne3+ 33. Kf3 Nxc2 34. Bxc2 Rxc2 0-1

[Event "*** SCC Grand Prix: Titled Tuesday Blitz"]
[Site "Chess.com"]
[Date "2020.07.14"]
[Round "5"]
[White "RobPeresian"]
[Black "pedro_gines"]
[Result "1-0"]
[WhiteElo "2245"]
[BlackElo "2401"]
[TimeControl "180+1"]
[EndTime "10:56:20 PDT"]
[Termination "RobPeresian won by resignation"]

1. e4 c6 2. d4 d5 3. exd5 cxd5 4. c4 Nf6 5. Nc3 Nc6 6. Bg5 Be6 7. Bxf6 gxf6 8. c5 Bf5 9. Bb5 e6 10. Nge2 h5 11. O-O h4 12. h3 Qc7 13. b4 Bh6 14.
Bxc6+ bxc6 15. b5 Kf8 16. Kh1 Kg8 17. bxc6 Kh7 18. Nb5 Qxc6 19. Nd6 Bg6 20. Nc3 Rab8 21. Qf3 Kg7 22. Rfe1 Rb4 23. Rad1 Rhb8 24. Qg4 Rh8 25.
Ne2 Rb2 26. Nf4 Bxf4 27. Qxf4 Rxa2 28. Re3 a5 29. Rf3 f5 30. Qe5+ Kg8 31. Qf6 a4 32.
Rb1 Kh7 33. Rb7 Rf8 34. Rf4 Ra1+ 35. Kh2 Kg8 36. Rxh4 Qxd6+ 37. cxd6 1-0

[Event "*** SCC Grand Prix: Titled Tuesday Blitz"]
[Site "Chess.com"]
[Date "2020.07.14"]
[Round "5"]
[White "Unknown_IM"]
[Black "Aguiar94"]
[Result "0-1"]
[WhiteElo "2376"]
[BlackElo "2548"]
[TimeControl "180+1"]
[EndTime "10:56:21 PDT"]
[Termination "Aguiar94 won by checkmate"]

1. e4 c5 2. Nf3 e6 3. c3 d5 4. e5 d4 5. Bd3 Ne7 6. Na3 Nec6 7. Nc2 Nd7 8. Qe2 Qc7 9. cxd4 cxd4 10.
Ncxd4 Nxd4 11. Nxd4 Nxe5 12. Bb5+ Nd7 13. O-O a6 14.
Bxd7+ Bxd7 15. Nf3 Bd6 16. d4 Bb5 17. Qe4 Bxf1 18.
Kxf1 h6 19. Be3 Qc6 20. Qd3 Qb5 21. Qxb5+ axb5 22. Ke2 Kd7 23. Kd3 Ra6 24. d5 exd5 25. Nd4 b4 26. Nb3 Rha8 27. Nc1 Be5 28. Kc2 Kc6 29. Nd3 Bd6 30. Kb3 Kb5 31. Rc1 Rc6 32.
Rd1 Rc4 33. Ne1 Kc6 34. Nf3 Re8 35. Nd2 Rh4 36. h3 d4 37. Nf3 dxe3 38. Nxh4 exf2 39. Rf1 Bg3 40. Nf3 Re1 41. Nd2 Kb5 42. Kc2 Kc5 43. Kd3 Kd5 44. Kc2 Kd4 45. b3 Ke3 46. a3 bxa3 47.
b4 a2 48. Nb3 Rxf1 49. Kb2 Rb1+ 50. Kxa2 f1=Q 51. b5 Qd1 52. b6 Qxb3# 0-1

[Event "*** SCC Grand Prix: Titled Tuesday Blitz"]
[Site "Chess.com"]
[Date "2020.07.14"]
[Round "5"]
[White "UCantHandleDenker"]
[Black "Xeniya2005"]
[Result "0-1"]
[WhiteElo "2525"]
[BlackElo "2387"]
[TimeControl "180+1"]
[EndTime "10:56:21 PDT"]
[Termination "Xeniya2005 won on time"]

1. Nf3 d5 2. g3 c5 3. Bg2 Nc6 4. d4 Nf6 5. O-O g6 6. dxc5 Bg7 7. c4 d4 8. a3 a5 9. Nbd2 a4 10. b4 axb3 11. Nxb3 e5 12. Bb2 Be6 13. Qc2 O-O 14.
Rad1 Nd7 15. e3 dxe3 16. fxe3 Qe7 17. Kh1 Nxc5 18. Nbd2 Rad8 19. Rde1 Nd3 20. Rb1 Nxb2 21. Rxb2 e4 22. Nxe4 Bf5 23. Nfd2 Rxd2 24. Qxd2 Bxb2 25.
Nf2 Bg7 26. e4 Be6 27. Qc2 Rd8 28. Qb1 Ne5 29. Re1 Bxc4 30. Rc1 Be6 31. Qb6 Nc6 32.
h4 Bd4 33. Rb1 Bxb6 0-1

[Event "*** SCC Grand Prix: Titled Tuesday Blitz"]
[Site "Chess.com"]
[Date "2020.07.14"]
[Round "5"]
[White "kuban1991"]
[Black "Fandorine"]
[Result "1-0"]
[WhiteElo "2757"]
[BlackElo "2941"]
[TimeControl "180+1"]
[EndTime "10:56:22 PDT"]
[Termination "kuban1991 won by resignation"]

1. Nf3 Nf6 2. g3 g6 3. Bg2 Bg7 4. O-O O-O 5. c4 d5 6. cxd5 Nxd5 7. Nc3 Nc6 8. d3 Nxc3 9. bxc3 Bxc3 10. Rb1 Rb8 11. Bh6 Bg7 12. Bxg7 Kxg7 13. Qc2 Qd6 14. Rfc1 Bg4 15. e3 Bxf3 16. Bxf3 Ne5 17. Bxb7 Qxd3 18.
Qxd3 Nxd3 19. Rxc7 e6 20. Rb3 Ne5 21. a4 Rfd8 22.
a5 Rd1+ 23. Kg2 Rd2 24. Bd5 Re8 25. Be4 Ng4 26. Rc2 Rxc2 27. Bxc2 Rc8 28. Bd1 Ne5 29. Rb7 Rc1 30. Bb3 Kf6 31. Rxa7 g5 32. h3 h5 33. f4 gxf4 34. gxf4 Nd3 35. a6 Rc3 36.
Rb7 Rc6 37. a7 Ra6 38. Bc4 Ne1+ 1-0

[Event "*** SCC Grand Prix: Titled Tuesday Blitz"]
[Site "Chess.com"]
[Date "2020.07.14"]
[Round "5"]
[White "karinachess1"]
[Black "LiviuDieterNisipeanu"]
[Result "1-0"]
[WhiteElo "2526"]
[BlackElo "2680"]
[TimeControl "180+1"]
[EndTime "10:56:22 PDT"]
[Termination "karinachess1 won by resignation"]

1. Nf3 f5 2. d4 Nf6 3. Bg5 Ne4 4.
Nbd2 Nxg5 5. Nxg5 e6 6. Ngf3 d5 7. g3 Bd6 8. e3 Nd7 9. c4 c6 10. Bg2 O-O 11. O-O Qf6 12. Qc2 g5 13. a3 g4 14. Ne1 h5 15. Nd3 h4 16. Rae1 Qh6 17.
Nf4 Nf6 18. b4 Rf7 19. b5 Bd7 20. bxc6 bxc6 21. cxd5 exd5 22. Rb1 Rh7 23. Rb7 hxg3 24. fxg3 Qxh2+ 25. Kf2 Nh5 26. Nxh5 Rxh5 27. Rxd7 Bxg3+ 28. Ke2 Qxg2+ 29. Kd3 Rh6 30. Rxf5 Re8 31. Rg5+ Kh8 32. Rgg7 Bf4 33. Kc3 Rxe3+ 34. Kb2 Reh3 35. Rgf7 Bd6 36. Rd8+ 1-0

[Event "*** SCC Grand Prix: Titled Tuesday Blitz"]
[Site "Chess.com"]
[Date "2020.07.14"]
[Round "5"]
[White "Miss_JJ20"]
[Black "Konavets"]
[Result "0-1"]
[WhiteElo "2290"]
[BlackElo "3043"]
[TimeControl "180+1"]
[EndTime "10:56:23 PDT"]
[Termination "Konavets won by resignation"]

1. d4 Nf6 2. c4 e6 3. Nf3 d5 4.
g3 Bb4+ 5. Bd2 Be7 6. Bg2 O-O 7. O-O c6 8. Nc3 dxc4 9. Bf4 b5 10. Ne5 Nd5 11. a4 b4 12. Ne4 f5 13. Nc5 Bxc5 14. dxc5 Qe7 15. Nxc4 Qxc5 16. Rc1 Nxf4 17. gxf4 Qe7 18.
Qd6 Qxd6 19. Nxd6 Ba6 20. Rfe1 Rd8 21. Nc4 Nd7 22. Bxc6 Rab8 23. Bxd7 Rxd7 24. b3 Rc8 25. Ne5 Rdc7 26. Rxc7 Rxc7 27. Rd1 h5 28. Rd4 Bxe2 29.
Rxb4 h4 30. Kg2 Rc2 31. Kh3 Bf1+ 32. Kxh4 Rxf2 33. Rb8+ Kh7 34. h3 Rxf4+ 35. Kg3 Rd4 36. Nf3 Rd6 37. Kf4 Be2 38. Ng5+ Kg6 39. h4 Rd4+ 40. Ke3 Rxh4 41. Kxe2 Kxg5 42. Rb7 g6 43. Rxa7 Rb4 44. a5 Rxb3 45. a6 Ra3 46. Ra8 Kf4 47. Kd2 e5 48. Kc2 e4 49. Kb2 Ra5 50. Kb3 e3 51. Kb4 Ra1 52. Kb5 Kf3 53. a7 f4 54. Kb6 e2 55. Rg8 e1=Q 0-1

[Event "*** SCC Grand Prix: Titled Tuesday Blitz"]
[Site "Chess.com"]
[Date "2020.07.14"]
[Round "5"]
[White "Shivagami"]
[Black "ditkin25"]
[Result "0-1"]
[WhiteElo "2209"]
[BlackElo "2399"]
[TimeControl "180+1"]
[EndTime "10:56:23 PDT"]
[Termination "ditkin25 won by resignation"]

1. d4 Nf6 2. c4 g6 3. Nc3 Bg7 4. e4 d6 5. f4 O-O 6. Nf3 c5 7. d5 e6 8. dxe6 fxe6 9. Bd3 Nc6 10. O-O Nd4 11. Nxd4 cxd4 12. Nb5 Qb6 13. Qb3 Nd7 14. a4 Nc5 15. Qc2 Nxd3 16. Qxd3 a6 17. Na3 Bd7 18. Nc2 Rac8 19. b3 d5 20. a5 dxc4 21.
bxc4 Qc7 22. Ba3 Rfd8 23. c5 Bb5 24. Qb3 Bxf1 25. Qxe6+ Qf7 26. Qxf7+ Kxf7 27. Rxf1 d3 28. Ne3 Bd4 29. Kf2 Bxc5 30. Bb2 Ba7 31. Kf3 Bxe3 32. Kxe3 Rc2 33. Bd4 d2 34. Rd1 Ra2 35. Bc3 Ra3 0-1

[Event "*** SCC Grand Prix: Titled Tuesday Blitz"]
[Site "Chess.com"]
[Date "2020.07.14"]
[Round "5"]
[White "Monmoransy"]
[Black "Siniauski"]
[Result "0-1"]
[WhiteElo "2620"]
[BlackElo "2471"]
[TimeControl "180+1"]
[EndTime "10:56:25 PDT"]
[Termination "Siniauski won by resignation"]

1. e4 e6 2. d4 d5 3. exd5 exd5 4. Nf3 Nc6 5. Bb5 Bd6 6. c4 dxc4 7. d5 a6 8. Ba4 b5 9. dxc6 bxa4 10. O-O Ne7 11. Nbd2 Be6 12. Qxa4 O-O 13. Nxc4 Bd5 14.
Nxd6 Qxd6 15. Bf4 Qg6 16. Bg3 Bxf3 17. gxf3 Nxc6 18. Rac1 Nd8 19. Rxc7 Ne6 20. Rc4 f5 21. Kh1 Qh6 22. Be5 Qh3 23. Qd1 Rad8 24. Qe1 Qxf3+ 25. Kg1 f4 26. Qe4 Ng5 27. Qxf3 Nxf3+ 28. Kg2 Nxe5 29. Ra4 f3+ 30. Kg3 Rd6 31. h4 Rg6+ 32. Kh3 Nd3 33. b3 Rg2 34. h5 Nxf2+ 35. Kh4 g5+ 36. hxg6 hxg6 37. Re1 Kg7 38. Re7+ Rf7 39. Rxf7+ Kxf7 40. Rf4+ Kg7 41. Ra4 Kh6 0-1

[Event "*** SCC Grand Prix: Titled Tuesday Blitz"]
[Site "Chess.com"]
[Date "2020.07.14"]
[Round "5"]
[White "vaishali2001"]
[Black "Nathan_Filgueiras"]
[Result "1-0"]
[WhiteElo "2608"]
[BlackElo "2411"]
[TimeControl "180+1"]
[EndTime "10:56:25 PDT"]
[Termination "vaishali2001 won by resignation"]

1. e4 c5 2. Nf3 Nc6 3. d4 cxd4 4.
Nxd4 e5 5. Nb5 d6 6. N1c3 a6 7. Na3 b5 8. Nd5 Nce7 9. c4 Nxd5 10. Qxd5 Be6 11. Qd3 b4 12. Nc2 a5 13. Be2 Nf6 14. O-O Be7 15. Ne3 O-O 16. Rd1 Qc7 17. a3 Rfc8 18. axb4 axb4 19. Rxa8 Rxa8 20. Bd2 Qb7 21.
Nf5 Bf8 22. Nxd6 Bxd6 23. Qxd6 Qxe4 24. Bf3 Qc2 25. Rc1 Qa4 26. Bxa8 Qxa8 27. Qxe5 h5 28. Bxb4 Ng4 29. Qxh5 Qb8 30. Bc3 Qc7 31. Qh4 Nh6 32.
b3 Nf5 33. Qe4 Qb7 34. Qxb7 1-0

[Event "*** SCC Grand Prix: Titled Tuesday Blitz"]
[Site "Chess.com"]
[Date "2020.07.14"]
[Round "5"]
[White "aloe_normansen"]
[Black "KingCrusher275"]
[Result "0-1"]
[WhiteElo "2215"]
[BlackElo "2371"]
[TimeControl "180+1"]
[EndTime "10:56:25 PDT"]
[Termination "KingCrusher275 won by resignation"]

1. e4 c5 2. Nf3 e6 3. d4 cxd4 4. Nxd4 Nc6 5. Nc3 Qc7 6. g3 a6 7. Bg2 d6 8. O-O Bd7 9. Kh1 Nf6 10. f4 Be7 11. Be3 O-O 12. g4 Nxd4 13. Bxd4 Bc6 14. g5 Nd7 15. Qh5 e5 16. Be3 g6 17. Qh6 f5 18. Rad1 exf4 19. Bxf4 Rf7 20. Qh3 Raf8 21. exf5 Rxf5 22. Qe3 Bxg5 23. Qe6+ Kh8 24. Nd5 Bxd5 25. Bxd5 Bxf4 26. Rde1 Nc5 27. Qe2 Rxd5 28. Rxf4 Rxf4 29. Qe8+ Kg7 30. Re7+ Qxe7 31. Qxe7+ Rf7 32.
Qe2 Re5 33. Qd2 Ne4 34. Qd4 Rf2 35. Kg1 Rd2 36. Qe3 Rxc2 37. Kf1 Nd2+ 38. Ke2 Rxe3+ 39. Kxe3 Rxb2 0-1

[Event "*** SCC Grand Prix: Titled Tuesday Blitz"]
[Site "Chess.com"]
[Date "2020.07.14"]
[Round "5"]
[White "jannat65"]
[Black "tan275"]
[Result "0-1"]
[WhiteElo "1818"]
[BlackElo "2271"]
[TimeControl "180+1"]
[EndTime "10:56:25 PDT"]
[Termination "tan275 won by resignation"]

1. e4 c6 2. d4 d5 3. Nc3 dxe4 4.
Nxe4 Bf5 5. Ng3 Bg6 6. h4 h6 7.
Nf3 e6 8. h5 Bh7 9. Bd3 Bxd3 10.
Qxd3 Nf6 11. c4 Bb4+ 12. Bd2 c5 13. Bxb4 cxb4 14. O-O-O O-O 15. Ne5 Nbd7 16. Qc2 Rc8 17. b3 Qa5 18. Kb1 b5 19. Nxd7 Nxd7 20. c5 e5 21. Ne4 exd4 22. Rxd4 Qc7 23. Rc1 a5 24.
g4 Qe5 25. Rxd7 a4 26. bxa4 bxa4 27. Nd6 Rb8 28. Ra7 b3 29. Qc3 bxa2+ 30. Kxa2 Qe6+ 31.
Nc4 Rb3 32. Qc2 Rfb8 33. Rxa4 Rb2+ 34. Ka1 Rxc2 35. Rxc2 Qe1+ 36. Ka2 Qb1+ 0-1